 Dungeon Crawl Stone Soup version 0.30.1-3-gfc49f6343a (webtiles) character file.

Game seed: 13610359924803722061

203 croobank the Firebug (level 5, 0/60 HPs)
             Began as a Demigod Fire Elementalist on July 21, 2023.
             Slain by a scorpion (4 damage)
             ... on level 3 of the Dungeon.
             The game lasted 00:06:04 (2699 turns).

croobank the Firebug (Demigod Fire Elementalist)    Turns: 2699, Time: 00:06:05

Health: 0/60       AC:  2    Str:  9    XL:     5   Next: 26%
Magic:  11/11      EV: 12    Int: 21    God:
Gold:   76         SH:  0    Dex: 14    Spells: 3/9 levels left

rFire   + . .        q - +1 dagger (speed)
rCold   + . .        (no shield)
rNeg    . . .        a - +0 robe
rPois   +            (no helmet)
rElec   +            (no cloak)
rCorr   +            (no gloves)
SInv    .            (no boots)
Will    .....        (no amulet) Stlth
                     (no ring)
HPRegen 0.30/turn    (no ring)
MPRegen 0.12/turn

%: no passive effects
@: confused, berserking, lethally poisoned (0 -> -5), resistant, ambrosia-drunk,
very quick
A: high MP 1, forlorn, divine attributes
a: no special abilities


You were on level 3 of the Dungeon.
You visited 1 branch of the dungeon, and saw 3 of its levels.

You collected 76 gold pieces.

Inventory:

Hand Weapons
 c - a +0 short sword
 j - a +0 dagger
 q - a +1 dagger of speed (weapon)
Missiles
 g - 2 poisoned darts
 k - 3 boomerangs
 o - 3 atropa-tipped darts (quivered)
Armour
 a - a +0 robe (worn)
Wands
 n - a wand of flame (19)
 p - a wand of digging (7)
Scrolls
 h - a scroll of enchant armour {unknown}
 i - 2 scrolls of immolation
 r - a scroll of identify
Potions
 e - 2 potions of resistance
 l - a potion of attraction {unknown}
 m - a potion of brilliance {unknown}


   Skills:
 + Level 1.5 Fighting
 + Level 2.6 Dodging
 + Level 2.7 Stealth
 + Level 2.5 Spellcasting
 + Level 1.9 Conjurations
 + Level 0.8 Hexes
 + Level 3.3 Fire Magic


You had 3 spell levels left.
You knew the following spells:

 Your Spells              Type           Power      Damage    Failure   Level
a - Foxfire               Conj/Fire      52%        2x1d6     4%          1
b - Scorch                Fire           32%        2d6       5%          2
c - Inner Flame           Hex/Fire       11%        N/A       17%         3

Your spell library contained the following spells:

 Spells                   Type           Power      Damage    Failure   Level
 Cigotuvi's Dreadful Rot  Necr/Pois/Air  4%         N/A       22%         2
 Volatile Blastmotes      Fire/Tloc      18%        2d11      22%         3
 Flame Wave               Conj/Fire      13%        2d6       43%         4
 Dispel Undead            Necr           2%         3d7       80%         4
 Death Channel            Necr           1%         N/A       100%        6


Dungeon Overview and Level Annotations

Branches:
Dungeon (3/15)


Innate Abilities, Weirdness & Mutations

You have an increased reservoir of magic. (+10% MP)
You shall have no god before yourself.
Your divine heritage dramatically boosts your attributes as you level up.


Message History

You are lethally poisoned!
The scorpion poisons you!
You feel protected.
You feel very sick.
The scorpion is no longer more vulnerable to fire.
The scorpion misses you.
Your magical contamination has completely faded away.
Casting: Scorch (safe; 5% risk of failure)
Confirm with . or Enter, or press ? or * to list all spells.
Flames lash the orc.
You kill the orc!
* * * LOW HITPOINT WARNING * * *
You feel very sick.
The orc priest is no longer more vulnerable to fire.
The scorpion misses you.
The orc priest invokes the aid of Beogh against you.
Beogh smites you!
* * * LOW HITPOINT WARNING * * *
It was a potion of ambrosia.
You are confused.
You feel invigorated.
* * * LOW HITPOINT WARNING * * *
You feel very sick. The scorpion barely misses you.
It was a potion of berserk rage.
A red film seems to cover your vision as you go berserk!
You feel yourself moving faster!
You feel mighty!
* * * LOW HITPOINT WARNING * * *
You feel sick. The scorpion stings you!
* * * LOW HITPOINT WARNING * * *
The scorpion stings you.
* * * LOW HITPOINT WARNING * * *
You bump into the rock wall.
You feel a strong urge to attack something.
* * * LOW HITPOINT WARNING * * *
You feel sick.
You bump into the rock wall.
* * * LOW HITPOINT WARNING * * *
You feel sick. The scorpion stings you.
You die...

##...## #+# .....
#.# .....
...######.# ...
..........#####.o.
#
##.#####.).##.##o#
.##
#...##...#s#...##
##..'.....@†.⌠..+
##.##...###...#+#
### #..##.##
.##.## ##.##
#.#####
##...###...###
#.####
#.....#.....#.
#....+
+.....'.....'.
#..###
#.....#.....##
#..####
###..†###...###
#..##.##
##.##.##.##.##.#


You could see a scorpion, an orc priest and an orc.

Vanquished Creatures
  An orc wizard (D:3)
  Natasha (thrice) (D:2)
  5 adders
  A dart slug (D:1)
  2 orcs (D:3)
  A ball python (D:2)
  5 endoplasms
  2 giant cockroaches
  9 goblins
  6 hobgoblins
  2 jackals (D:3)
  2 quokkas
  7 bats
  3 kobolds (D:1)
  5 rats
54 creatures vanquished.

Vanquished Creatures (others)
  111 foxfires
111 creatures vanquished.

Grand Total: 165 creatures vanquished

Notes
Turn   | Place    | Note
-------+----------+-------------------------------------------
     0 | D:1      | croobank the Demigod Fire Elementalist began the quest for
                  | the Orb.
     0 | D:1      | Reached XP level 1. HP: 14/14 MP: 5/5
    65 | D:1      | Reached skill level 1 in Conjurations
   260 | D:1      | Reached XP level 2. HP: 20/20 MP: 7/7
  1066 | D:2      | Reached skill level 3 in Fire Magic
  1066 | D:2      | Reached XP level 3. HP: 23/27 MP: 3/8
  1189 | D:2      | Noticed Natasha
  1197 | D:2      | Killed Natasha
  1198 | D:2      | Reached skill level 1 in Fighting
  1286 | D:2      | Noticed Natasha
  1302 | D:2      | HP: 1/28 [cerulean imp/+0 spear[Natasha] (3)]
  1303 | D:2      | Killed Natasha
  1304 | D:2      | Reached XP level 4. HP: 1/35 MP: 2/10
  1444 | D:2      | Noticed Natasha
  1457 | D:2      | Killed Natasha
  1536 | D:2      | Learned a level 2 spell: Scorch
  1540 | D:2      | Learned a level 3 spell: Inner Flame
  2540 | D:3      | Reached XP level 5. HP: 39/40 MP: 6/11
  2697 | D:3      | HP: 2/60 [scorpion (7)]
  2699 | D:3      | Slain by a scorpion

Illustrated notes

Levels and vault maps discovered:
D:1:      denvon_arrival_planthouse, layout_loops_ring,
          hellmonk_ecumenical_altar_blasted
D:2:      layout_basic, uniq_natasha
D:3:      layout_loops_corners, nicolae_hexahallways, skrybe_limestone_x

Skill      XL: |  1  2  3 |
---------------+----------+-----
Conjurations   | 1 |  1.9
Stealth        | 2 |  2.7
Dodging        | 2 |  2.6
Spellcasting   | 2 |  2.5
Fire Magic     | 3 |  3.3
Fighting       | 1 |  1.5
Hexes          | |  0.8

Action                     |  1- 3 |  4- 6 || total
---------------------------+-------+-------++-------
  Melee: Short sword       |    32 |    12 ||    44
         Dagger            |       |    19 ||    19
   Cast: Foxfire           |    49 |    25 ||    74
         Scorch            |       |    13 ||    13
    Use: Scroll            |       |     2 ||     2
         Potion            |       |     4 ||     4
   Stab: Sleeping          |     3 |     5 ||     8
 Armour: Robe              |     7 |     4 ||    11
  Dodge: Dodged            |    28 |    14 ||    42
